 Seeded DCSS version 0.31-a0-496-g6f97920a28 (webtiles) character file.

Game seed: 7415222406553760909 (custom seed)

4 innerfire43 the Trooper (level 1, 0/18 HPs)
             Began as a Demonspawn Monk on Aug 8, 2023.
             Slain by a quokka (3 damage)
             ... on level 1 of the Dungeon.
             The game lasted 00:00:35 (77 turns).

innerfire43 the Trooper (Demonspawn Monk)             Turns: 77, Time: 00:00:36

Health: 0/18       AC:  2    Str: 11    XL:     1   Next: 58%
Magic:  1/1        EV: 10    Int: 11    God:
Gold:   17         SH:  0    Dex: 15    Spells: 0/0 levels left

rFire   . .          .
                       - Unarmed
rCold   . . .        c - orb {light}
rNeg    . . .        a - +0 robe
rPois   .            (no helmet)
rElec   .            (no cloak)
rCorr   .            (no gloves)
SInv    .            (no boots)
Will    .....        (no amulet)
Stlth   +            (no ring)
HPRegen 0.23/turn    (no ring)
MPRegen 0.07/turn

%: no passive effects
@: glowing, constricted
A: no striking features
a: no special abilities


You were on level 1 of the Dungeon.
You visited 1 branch of the dungeon, and saw 1 of its levels.

You collected 17 gold pieces.

Inventory:

Armour
 a - a +0 robe (worn)
 c - an orb of light (worn)
Jewellery
 d - a ring of wizardry
Potions
 e - a potion of curing {unknown}


   Skills:
 + Level 3.0 Fighting
 + Level 2.7 Dodging
 + Level 2.7 Unarmed Combat
 + Level 0.0 Spellcasting
 * Level 0.2 Conjurations
 * Level 0.1 Transmutations
 * Level 0.1 Shapeshifting


You couldn't memorise any spells.
You didn't know any spells.
Your spell library was empty.

Dungeon Overview and Level Annotations

Branches:
Dungeon (1/15)

Altars:


Message History

You hit the jackal.
The jackal is moderately wounded.
The giant cockroach barely misses you.
The jackal bites you but does no damage.
The giant cockroach bites you but does no damage.
The quokka bites you. The hobgoblin barely misses you. The jackal bites you.
* * * LOW HITPOINT WARNING * * *
You hit the jackal.
You kill the jackal!
The giant cockroach barely misses you.
The giant cockroach bites you but does no damage.
The quokka barely misses you. The hobgoblin closely misses you.
The jackal bites you but does no damage.
The giant cockroach closely misses you.
The giant cockroach completely misses you.
You hit the jackal.
The jackal is almost dead.
The quokka closely misses you. The ball python misses you.
The ball python grabs you. The ball python constricts you.
The jackal bites you but does no damage.
The hobgoblin closely misses you.
The giant cockroach bites you but does no damage.
The giant cockroach bites you.
* * * LOW HITPOINT WARNING * * *
The quokka closely misses you.
You hit the jackal but do no damage.
The jackal is almost dead.
The ball python closely misses you. The ball python constricts you.
* * * LOW HITPOINT WARNING * * *
The jackal bites you but does no damage.
The giant cockroach barely misses you. The hobgoblin hits you.
* * * LOW HITPOINT WARNING * * *
The giant cockroach misses you.
The quokka bites you but does no damage.
You hit the jackal.
You kill the jackal!
The ball python barely misses you. The ball python constricts you.
The giant cockroach bites you but does no damage.
The giant cockroach closely misses you. The quokka bites you.
You die...

#### #.. ###.#....#.#.
#.... #.# ##.....#.....
#..... #.####...#........
.)....##............#....
........$.......#####....
##....#...........# #....
...............)...###.##
.......S.B####..#..##...
......hB@## #..######.#
......>rg# #..# ..
.........# #.## #
#...###### ... #..# ..
#.. ##


You could see a quokka, a jackal, 2 giant cockroaches, a hobgoblin and a ball
python.

Vanquished Creatures
  A bat (D:1)
  A goblin (D:1)
  2 jackals (D:1)
  A rat (D:1)
5 creatures vanquished.

Notes
Turn   | Place    | Note
-------+----------+-------------------------------------------
     0 | D:1      | innerfire43 the Demonspawn Monk began the quest for the
                  | Orb.
     0 | D:1      | Reached XP level 1. HP: 18/18 MP: 1/1
    77 | D:1      | Slain by a quokka

Illustrated notes

Levels and vault maps discovered:
D:1:      spicycebolla_green_bress_n_ham_2, layout_rooms, serial_shops, shop,
          minmay_misc_feat_hallway

Action                     || total
---------------------------++-------
  Melee: Unarmed           ||    30
    Use: Potion            ||     1
 Armour: Robe              ||    29
  Dodge: Dodged            ||    78

Table legend: (Time is in decaauts)
 A = Elapsed time spent in this place.
 B = Non-inter-level travel time spent in this place.
 C = Inter-level travel time spent in this place.
 D = Time resting spent in this place.
 E = Time spent auto-exploring this place.
 F = Levels seen in this place.
 G = Mean time per level.
                   A        B        C        D        E       F      G
               +--------+--------+--------+--------+--------+-----+--------+
         Total |     75 |     75 |      0 |      0 |     28 |   1 |   75.0 |
       Dungeon |     75 |     75 |      0 |      0 |     28 |   1 |   75.0 |
               +--------+--------+--------+--------+--------+-----+--------+

Top non-repeatable levels by time:
     D:1: 75 daAuts
